 Dungeon Crawl Stone Soup version 0.32-a0-411-g744942f433 (webtiles) character file.

Game seed: 141456176719077454

86083 cforsyth the Warrior (level 15, -2/145 HPs)
             Began as a Coglin Gladiator on Feb 20, 2024.
             Was the Champion of Wu Jian.
             Killed from afar by Jorgrun (6 damage)
             ... with a blast of rock fragments
             ... while petrified by Jorgrun
             ... on level 13 of the Dungeon.
             The game lasted 00:51:32 (27506 turns).

cforsyth the Warrior (Coglin Gladiator)            Turns: 27506, Time: 00:51:32

Health: -2/145     AC: 21    Str: 14    XL:     15   Next: 86%
Magic:  15/15      EV:  2    Int: 10    God:    Wu Jian [******]
Gold:   2289       SH:  0    Dex: 21    Spells: 14/14 levels left

rFire   . . .        a - +6 scimitar (drain) {Consuela}
rCold   + . .        Z - +4 scimitar {Kaori}
rNeg    + + +        L - +3 ring mail {rC+}
rPois   ∞            c - +0 helmet
rElec   .            V - +1 cloak
rCorr   .            x - +2 pair of gloves
SInv    +            t - +1 pair of boots
Will    +....        C - amulet of regeneration
Stlth   +            v - ring of see invisible
HPRegen 1.24/turn    (no ring)
MPRegen 0.14/turn

%: clarity
@: petrified, revving
A: off-hand wielding, slow wielding, warmup strikes, legs shutdown, clarity,
robust 1, screaming 1, subdued magic 1
a: Renounce Religion, Wall Jump, Serpent's Lash, Heavenly Storm


You were on level 13 of the Dungeon.
You worshipped Wu Jian.
Wu Jian was exalted by your worship.
You visited 4 branches of the dungeon, and saw 21 of its levels.

You collected 2289 gold pieces.


Innate Abilities, Weirdness & Mutations

You can wield a second weapon in your off-hand.
It takes a long time for you to wield or remove held weapons.
Your first few attacks do less damage.
Attacking and casting redirects power from your legs.
You possess an exceptional clarity of mind.
You are robust. (+10% HP)
You occasionally shout uncontrollably at your foes.
Your spells are a little easier to cast, but a little less powerful.


   Skills:
 + Level 16.4 Fighting
 + Level 16.3 Long Blades
 - Level 1.7 Throwing
 + Level 14.5 Armour
 - Level 3.7 Dodging


You had 14 spell levels left.
You didn't know any spells.
Your spell library contained the following spells:

 Spells                   Type           Power      Damage    Failure   Level
 Foxfire                  Conj/Fire      0%         2x1d4     47%         1
 Ensorcelled Hibernation  Hex/Ice        0%         N/A       63%         2
 Scorch                   Fire           0%         2d5       63%         2
 Dazzling Flash           Conj/Hex       0%         N/A       86%         3
 Fugue of the Fallen      Necr           0%         N/A       86%         3
 Mephitic Cloud           Conj/Alch/Air  0%         N/A       86%         3
 Passwall                 Erth           0%         N/A       86%         3
 Swiftness                Air            0%         N/A       86%         3
 Tukima's Dance           Hex            0%         N/A       86%         3
 Volatile Blastmotes      Fire/Tloc      0%         2d10      86%         3
 Anguish                  Hex/Necr       0%         N/A       99%         4
 Dimensional Bullseye     Hex/Tloc       0%         N/A       99%         4
 Flame Wave               Conj/Fire      0%         2d4       99%         4
 Fulminant Prism          Conj/Alch      0%         3d5       99%         4
 Iskenderun's Mystic Bla  Conj/Tloc      0%         2d3       99%         4
 Curse of Agony           Necr           0%         N/A       100%        5
 Silence                  Hex/Air        0%         N/A       100%        5
 Sculpt Simulacrum        Ice/Alch       0%         N/A       100%        6
 Summon Cactus Giant      Summ           0%         N/A       100%        6
 Haunt                    Necr/Summ      0%         N/A       100%        7
 Ozocubu's Refrigeration  Ice            0%         4d7       100%        7
 Polar Vortex             Ice            0%         N/A       100%        9

Inventory:

Hand Weapons
 a - a +6 scimitar of draining (weapon) {Consuela}
 Z - a +4 scimitar (offhand) {Kaori}
Missiles
 d - 7 throwing nets (quivered) {=f}
 e - 7 javelins
Armour
 c - a +0 helmet (worn)
 t - a +1 pair of boots (worn)
 x - a +2 pair of gloves (worn)
 L - a +3 ring mail of cold resistance (worn)
 V - a +1 cloak (worn)
Magical Staves
 m - a staff of air {!a}
 E - a staff of conjuration {!a}
 U - a staff of death {!a}
Jewellery
 r - an amulet of guardian spirit
 v - a ring of see invisible (left grasper)
 B - an amulet of faith {!P}
 C - an amulet of regeneration (around neck)
 F - a ring of protection from fire
 M - a ring of magical power
 N - a ring of positive energy
 O - an amulet of the acrobat
 T - a +4 ring of protection
Wands
 k - a wand of polymorph (12)
 l - a wand of iceblast (3)
 z - a wand of paralysis (29)
 D - a wand of mindburst (10)
 Y - a wand of digging (8)
Scrolls
 f - 4 scrolls of amnesia
 i - 2 scrolls of noise
 n - 2 scrolls of immolation
 p - a scroll of fog
 q - a scroll of silence {unknown}
 s - a scroll of blinking
 w - a scroll of butterflies {unknown}
 y - a scroll of brand weapon
 A - 6 scrolls of teleportation {@r2}
 G - 2 scrolls of revelation {unknown}
 J - a scroll of vulnerability
 R - 2 scrolls of identify {@r1}
 S - a scroll of fear
 W - 7 scrolls of enchant weapon
Potions
 b - a potion of lignification
 g - 6 potions of haste {@q3}
 h - 2 potions of resistance
 j - 4 potions of mutation
 o - 5 potions of enlightenment
 u - 2 potions of brilliance
 H - 6 potions of attraction
 I - a potion of ambrosia
 K - 4 potions of heal wounds {@q2}
 P - a potion of cancellation
 Q - 4 potions of might
 X - 2 potions of curing {@q1}

Dungeon Overview and Level Annotations

Branches:
Dungeon (13/15)            Temple (1/1) D:4            Lair (5/5) D:8
  Swamp (0/4) Lair:3        Snake (0/4) Lair:2        Slime (0/5) Lair:5
    Orc (2/2) D:11            Elf (0/3) Orc:2
 Vaults: D:13-14

Altars:
Ashenzari
Cheibriados
Dithmenos
Elyvilon
Fedhas
Gozag
Hepliaklqana
Kikubaaqudgha
Makhleb
Nemelex Xobeh
Okawaru
Qazlal
Ru
Sif Muna
Trog
Uskayaw
Vehumet
Wu Jian
Xom
Yredelemnul
Zin
The Shining One
Lugonu

Shops:
D:5 [   D:7 =   D:9 (   Orc:2 (*=*

Portals:
Abyss: Lair:5
Pandemonium: Orc:2

Annotations:
D:4 3 runed translucent doors, DaftaChap's ghost, amateur MDCA
D:13 Jorgrun

##############
#######............#
#.................#
#.................+
#.................#
#......)..........#
####...........g@<...#
............##..#'####
..##........#..........
..#.................###
............#########
../#........#
..##.)......#####
.............)..#
#.#.##..#.......#


You could see Jorgrun (drained).


Message History

You barely miss Jorgrun with your +6 scimitar of draining.
Jorgrun is severely wounded.
You hit Jorgrun but do no damage. Jorgrun hits you but does no damage.
The ground beneath you fractures!!
* * * LOW HITPOINT WARNING * * *
The grasping roots constrict you.
You have turned to stone.
Jorgrun casts a spell at you. The iron shot hits you!!
* * * LOW HITPOINT WARNING * * *
The grasping roots constrict you!
* * * LOW HITPOINT WARNING * * *
You are no longer unable to travel.
Jorgrun hits you but does no damage. The ground beneath you fractures.
* * * LOW HITPOINT WARNING * * *
The grasping roots constrict you!
* * * LOW HITPOINT WARNING * * *
Jorgrun casts a spell at you. The iron shot hits you!!
* * * LOW HITPOINT WARNING * * *
The grasping roots constrict you.
* * * LOW HITPOINT WARNING * * *
Jorgrun hits you but does no damage. The ground beneath you fractures!!
* * * LOW HITPOINT WARNING * * *
The grasping roots constrict you.
* * * LOW HITPOINT WARNING * * *
The grasping roots release their grip on you.
Jorgrun casts a spell at you. Jorgrun casts a spell next to you.
The stone door frame shatters!
The blast of rock fragments hits you!
You die...

Skill      XL: |  1  2  3  4  5  6  7  8  9 10 11 12 13 14 15 |
---------------+----------------------------------------------+-----
Dodging        | 3 |  3.7
Fighting       | 3 4 5 6 8 9 11 12 14 15 16 | 16.4
Long Blades    | 4 5 7 8 9 11 12 14 15 16 | 16.3
Armour         | 1 2 3 5 6 8 9 11 12 13 14 | 14.5
Throwing       | |  1.7

Action                     |  1- 3 |  4- 6 |  7- 9 | 10-12 | 13-15 || total
---------------------------+-------+-------+-------+-------+-------++-------
  Melee: Long sword        |    72 |    64 |   242 |       |       ||   378
         Dagger            |    30 |    52 |   269 |   562 |   517 ||  1430
         Scimitar          |       |       |    53 |   618 |  1620 ||  2291
Ability: Lunge             |       |       |     8 |    37 |    38 ||    83
         Whirlwind         |       |       |       |    17 |    15 ||    32
  Evoke: Wand              |       |       |     1 |     6 |    15 ||    22
    Use: Scroll            |       |     3 |     5 |     2 |    13 ||    23
         Potion            |       |       |     5 |     1 |     1 ||     7
   Stab: Sleeping          |     1 |     1 |       |     1 |       ||     3
         Distracted        |       |       |       |     1 |     1 ||     2
 Armour: Leather armour    |    38 |     8 |       |       |       ||    46
         Plate armour      |       |    37 |   297 |    74 |       ||   408
         Ring mail         |       |       |       |   345 |   877 ||  1222
  Dodge: Dodged            |    44 |    29 |    64 |   271 |   558 ||   966

Levels and vault maps discovered:
D:1:      dpeg_arrival_connections, layout_loops_cross, minmay_liquid_box
D:2:      layout_loops_cross, dreamdust_ecumenical_altar_drowned_temple
D:3:      layout_basic, minmay_misc_feat_more_columns, hangedman_feature_mirror
D:4:      layout_basic, fedhas_altar_fruit_tree,
          mainiacjoe_overflow_six_doors_small, nicolae_overflow_crystal_walls,
          nemelex_xobeh_ov_fountains_minmay, temple_pool_b,
          gammafunk_ghost_necromancy, dreamdust_wishing_well,
          minmay_fractal_squares_5, uniq_menkaure, uniq_grinder
D:5:      layout_loops_ring, nicolae_vehumet_altar_sigil,
          nicolae_hepliaklqana_monster_ancestors, serial_shops, shop
D:6:      layout_basic, regret_index_xom_of_box, nicolae_elyvilon_temple_path
D:7:      layout_basic, serial_shops, shop, minmay_circle_x,
          uniq_crazy_yiuf_cottage
D:8:      layout_gridville, grunt_lair_entry_orc_guard_hut, uniq_joseph,
          uniq_psyche, uniq_grum
D:9:      layout_long_grid, serial_shops, nicolae_shop_real_fake_doors,
          grunt_ministairs_1
D:10:     layout_cave_pools, grunt_gozag_statues, bloody_makhleb, uniq_nergalle
D:11:     layout_layer_cave, erik_orc_1
D:12:     layout_basic
D:13:     layout_basic, uniq_snorg, uniq_jorgrun
Temple:   hellmonk_temple_flake
Lair:1:   layout_small_grid, grunt_megastairs_4, lemuel_fruit_tree, uniq_harold
Lair:2:   layout_regular_city, nicolae_snake_entry_warm_welcome
Lair:3:   layout_loops_ring, alex1729_swamp_entry_worm_eleionoma, uniq_urug,
          uniq_gastronok
Lair:4:   layout_gridlike, serial_bayou_ford_a, grunt_megastairs_2,
          uniq_josephine
Lair:5:   hellmonk_lair_end_abyssal_woods, layout_loops_ring, slime_entry_1,
          basic_altar
Orc:1:    layout_diamond_mine
Orc:2:    pf_orc_diabolical, layout_diamond_mine

Notes
Turn   | Place    | Note
-------+----------+-------------------------------------------
     0 | D:1      | cforsyth the Coglin Gladiator began the quest for the Orb.
     0 | D:1      | Reached XP level 1. HP: 16/16 MP: 1/1
   549 | D:1      | Reached XP level 2. HP: 22/22 MP: 2/2
   745 | D:2      | Reached skill level 3 in Dodging
   829 | D:2      | Reached XP level 3. HP: 26/28 MP: 3/3
   880 | D:2      | Found a faded altar of an unknown god.
  1464 | D:3      | Reached skill level 3 in Fighting
  1464 | D:3      | Reached XP level 4. HP: 29/35 MP: 4/4
  1675 | D:3      | Reached skill level 4 in Long Blades
  1675 | D:3      | Reached XP level 5. HP: 40/41 MP: 5/5
  2443 | D:4      | Found a staircase to the Ecumenical Temple.
  2460 | D:4      | Noticed an ogre
  2466 | D:4      | Reached skill level 1 in Armour
  2564 | D:4      | Found a sparkling altar of Nemelex Xobeh.
  2591 | D:4      | Reached XP level 6. HP: 44/48 MP: 6/6
  2593 | D:4      | Reached skill level 4 in Fighting
  2622 | D:4      | Found a runed translucent gate.
  2622 | D:4      | Found a runed translucent gate.
  2622 | D:4      | Found a runed translucent gate.
  2624 | D:4      | Noticed DaftaChap's ghost (amateur MDCA)
  2746 | D:4      | Noticed Menkaure
  2753 | D:4      | Killed Menkaure
  2754 | D:4      | Reached skill level 2 in Armour
  2900 | D:4      | Found a blossoming altar of Fedhas.
  2905 | D:4      | Reached skill level 5 in Long Blades
  2905 | D:4      | Reached XP level 7. HP: 55/55 MP: 7/7
  2957 | D:4      | Noticed Grinder
  2960 | D:4      | Paralysed by Grinder for 5 turns
  2973 | D:4      | Killed Grinder
  3014 | D:4      | Found a stormy altar of Qazlal.
  3061 | D:4      | Found a sacrificial altar of Ru.
  3068 | D:4      | Reached skill level 5 in Fighting
  3068 | D:4      | Reached skill level 3 in Armour
  3186 | D:4      | Gained mutation: You possess an exceptional clarity of
                  | mind. [potion of mutation]
  3186 | D:4      | Gained mutation: Your spells are a little easier to cast,
                  | but a little less powerful. [potion of mutation]
  3186 | D:4      | Gained mutation: You are robust. (+10% HP) [potion of
                  | mutation]
  3537 | D:4      | Reached XP level 8. HP: 68/69 MP: 8/8
  3621 | D:4      | Reached skill level 6 in Long Blades
  3708 | D:4      | Found a sparkling altar of Nemelex Xobeh.
  3741 | D:4      | Found a stormy altar of Qazlal.
  3812 | D:4      | Found a staircase to the Ecumenical Temple.
  3971 | D:4      | Found a sacrificial altar of Ru.
  4195 | D:4      | Found a blossoming altar of Fedhas.
  4269 | D:4      | Found a sparkling altar of Nemelex Xobeh.
  4302 | D:4      | Found a stormy altar of Qazlal.
  4373 | D:4      | Found a staircase to the Ecumenical Temple.
  4532 | D:4      | Found a sacrificial altar of Ru.
  4746 | D:4      | Found a blossoming altar of Fedhas.
  4831 | D:5      | Entered Level 5 of the Dungeon
  4848 | D:5      | Reached skill level 4 in Armour
  4849 | D:5      | Found Quizxe's Armour Shop.
  4960 | D:5      | Reached skill level 6 in Fighting
  5053 | D:5      | Found a hazy altar of Hepliaklqana.
  5387 | D:5      | Found a radiant altar of Vehumet.
  5470 | D:5      | Identified the +1 leather armour "Vauczurr" {Dex+4}
  5849 | D:5      | Identified a potion of resistance
  6136 | Temple   | Entered the Ecumenical Temple
  6147 | Temple   | Became a worshipper of the Wu Jian Council
  6254 | D:6      | Reached skill level 7 in Long Blades
  6254 | D:6      | Reached skill level 5 in Armour
  6254 | D:6      | Reached XP level 9. HP: 62/78 MP: 9/9
  6483 | D:6      | Reached skill level 7 in Fighting
  7030 | D:6      | Reached * piety under Wu Jian
  7168 | D:6      | Found a white marble altar of Elyvilon.
  7456 | D:6      | Found a shimmering altar of Xom.
  7830 | D:7      | Reached skill level 6 in Armour
  7832 | D:7      | Reached skill level 8 in Long Blades
  7963 | D:7      | Found a runed translucent door.
  7964 | D:7      | Noticed Crazy Yiuf
  8008 | D:7      | Found Roxash's Jewellery Emporium.
  8088 | D:7      | Reached skill level 8 in Fighting
  8465 | D:7      | Killed Crazy Yiuf
  8704 | D:8      | Reached XP level 10. HP: 87/88 MP: 10/10
  8785 | D:8      | Noticed Grum
  8804 | D:8      | Killed Grum
  8932 | D:8      | Reached skill level 7 in Armour
  9030 | D:8      | Reached skill level 9 in Long Blades
  9032 | D:8      | Reached ** piety under Wu Jian
  9076 | D:8      | Found a staircase to the Lair.
  9106 | D:8      | Reached skill level 9 in Fighting
  9494 | D:8      | Noticed Joseph
  9508 | D:8      | Killed Joseph
  9792 | D:8      | Noticed Psyche
  9795 | D:8      | Killed Psyche
 10099 | D:9      | Reached skill level 8 in Armour
 10208 | D:9      | Reached XP level 11. HP: 76/99 MP: 11/11
 10213 | D:9      | Reached skill level 10 in Long Blades
 10356 | D:9      | Got the Octavo of the Flammable Comitatus
 10622 | D:9      | Found Zelol's Weapon Shoppe.
 10941 | D:10     | Entered Level 10 of the Dungeon
 10960 | D:10     | Reached skill level 10 in Fighting
 11022 | D:10     | Noticed Nergalle
 11039 | D:10     | Killed Nergalle
 11366 | D:10     | Found a burning altar of Makhleb.
 11409 | D:10     | Reached *** piety under Wu Jian
 12035 | D:10     | Found an opulent altar of Gozag.
 12140 | D:11     | Reached skill level 9 in Armour
 12225 | D:11     | Noticed a two-headed ogre
 12249 | D:11     | Killed a two-headed ogre
 12289 | D:11     | Noticed a cyclops
 12297 | D:11     | Killed a cyclops
 12614 | D:11     | Reached skill level 11 in Long Blades
 12963 | D:11     | Reached skill level 11 in Fighting
 13249 | D:11     | Noticed a two-headed ogre
 13257 | D:11     | Killed a two-headed ogre
 13258 | D:11     | Reached XP level 12. HP: 74/110 MP: 12/12
 13505 | D:11     | Noticed a two-headed ogre
 13515 | D:11     | Killed a two-headed ogre
 13916 | D:11     | Found a staircase to the Orcish Mines.
 14211 | D:12     | Reached skill level 10 in Armour
 14958 | D:12     | Reached skill level 12 in Long Blades
 14963 | D:12     | Reached skill level 12 in Fighting
 15453 | Lair:1   | Entered Level 1 of the Lair of Beasts
 15848 | Lair:1   | Reached **** piety under Wu Jian
 15862 | Lair:1   | Noticed Harold
 15993 | Lair:1   | Noticed a catoblepas
 16008 | Lair:1   | Killed a catoblepas
 16288 | Lair:1   | Killed Harold
 16362 | Lair:1   | Reached skill level 11 in Armour
 16519 | Lair:1   | Reached XP level 13. HP: 107/119 MP: 13/13
 16940 | Lair:1   | Reached skill level 13 in Long Blades
 17013 | Lair:1   | Reached skill level 13 in Fighting
 17839 | Lair:2   | Found a staircase to the Snake Pit.
 18325 | Lair:3   | You fall into a shaft and drop 2 floors!
 18325 | Lair:5   | Entered Level 5 of the Lair of Beasts
 18429 | Lair:5   | Reached skill level 12 in Armour
 18503 | Lair:5   | Found a staircase to the Slime Pits.
 18740 | Lair:3   | Reached ***** piety under Wu Jian
 18847 | Lair:3   | Noticed Gastronok
 18864 | Lair:3   | Killed Gastronok
 18865 | Lair:3   | Reached skill level 14 in Fighting
 18865 | Lair:3   | Reached skill level 14 in Long Blades
 18977 | Lair:3   | Found a staircase to the Swamp.
 18977 | Lair:3   | Noticed an eleionoma
 18993 | Lair:3   | HP: 13/186 [13-headed hydra (12)]
 19000 | Lair:3   | Killed an eleionoma
 19001 | Lair:3   | Reached XP level 14. HP: 18/132 MP: 14/14
 19115 | Lair:3   | Noticed Urug
 19138 | Lair:3   | Killed Urug
 19725 | Lair:4   | Noticed Josephine
 19734 | Lair:4   | Killed Josephine
 21632 | Lair:5   | Reached skill level 13 in Armour
 21813 | Lair:5   | Reached skill level 15 in Fighting
 21817 | Lair:5   | Reached skill level 15 in Long Blades
 21911 | Lair:5   | Found a corrupted altar of Lugonu.
 21911 | Lair:5   | Found a one-way gate to the infinite horrors of the Abyss.
 21929 | Lair:5   | Identified the +2 war axe of Nice Duty {drain, +Blink Fly
                  | Str+3}
 22016 | Lair:5   | Found a broken altar of Ashenzari.
 22298 | Lair:4   | Reached XP level 15. HP: 141/141 MP: 15/15
 22381 | Lair:5   | Reached ****** piety under Wu Jian
 22929 | Orc:1    | Entered Level 1 of the Orcish Mines
 23153 | Orc:1    | Paralysed by an orc sorcerer for 3 turns
 24527 | Orc:2    | Entered Level 2 of the Orcish Mines
 24811 | Orc:2    | Found a staircase to the Elven Halls.
 25021 | Orc:1    | Reached skill level 14 in Armour
 25517 | Orc:2    | Found Payts's General Store.
 25521 | Orc:2    | Found Doix's General Store.
 25931 | Orc:2    | Gained mutation: You occasionally shout uncontrollably at
                  | your foes. [a neqoxec]
 26041 | Orc:2    | Reached skill level 16 in Fighting
 26060 | Orc:2    | Reached skill level 16 in Long Blades
 26757 | Orc:2    | Found Woweuhep's Jewellery Boutique.
 26757 | Orc:2    | Found Xyiplee's Antique Weapon Shop.
 26758 | Orc:2    | Found a one-way gate leading to the halls of Pandemonium.
 27306 | D:13     | Noticed Jorgrun
 27504 | D:13     | HP: 4/145 [Jorgrun/staff of earth (13)]
 27506 | D:13     | Killed from afar by Jorgrun

Vanquished Creatures
  Gastronok (Lair:3)
  An eleionoma (Lair:3)
  An ettin (Orc:1)
  Josephine (Lair:4)
  3 hydras
  An entropy weaver (shapeshifter) (Lair:5)
  Harold (Lair:1)
  A catoblepas (Lair:1)
  A demonspawn (Orc:2)
  2 centaur warriors (D:13)
  3 two-headed ogres (D:11)
  5 death yaks
  A boulder beetle (Lair:5)
  Urug (Lair:3)
  3 thrashing horrors (Lair:5)
  8 orc high priests
  Nergalle (D:10)
  A skyshark (Lair:5)
  5 skeletal warriors (D:13)
  4 orc knights
  6 orc sorcerers
  A large abomination (Lair:5)
  2 ugly things (Lair:5)
  13 elephants
  A salamander (Lair:2)
  A manticore (D:12)
  3 cyclopes
  5 kobold blastminers
  Joseph (D:8)
  3 black mambas
  2 torpor snails
  A gargoyle (D:11)
  14 komodo dragons
  12 cane toads
  2 rime drakes (Lair:2)
  Psyche (D:8)
  7 trolls
  A hornet (D:9)
  Grinder (D:4)
  2 polar bears (Lair:2)
  A tarantella (shapeshifter) (D:13)
  10 dream sheep
  3 slime creatures
  25 blink frogs
  3 raiju (Lair:5)
  3 shadows
  3 wyverns
  6 wraiths
  73 yaks
  3 ynoxinuls
  A fire bat (D:6)
  7 basilisks
  Grum (D:8)
  4 wargs
  A neqoxec (Orc:2)
  Menkaure (D:4)
  3 vampire mosquitoes (D:11)
  3 chaos spawn (Lair:5)
  13 small abominations (Lair:5)
  15 water moccasins
  34 orc warriors
  2 black bears
  A swamp drake (D:11)
  4 ice beasts
  3 ogres
  7 wolves
  5 centaurs
  A phantom (D:7)
  2 kobold brigands
  10 bullfrogs
  8 scorpions
  10 wights
  16 killer bees
  An electric eel (Lair:4)
  6 howler monkeys
  5 bombardier beetles
  A gnoll bouda (D:6)
  3 lava snakes (Lair:2)
  2 jellies
  27 orc priests
  Crazy Yiuf (D:7)
  5 hounds
  3 iguanas
  24 orc wizards
  14 gnolls
  8 adders
  2 shadow imps (D:7)
  A white imp (D:8)
  2 ufetubi (D:6)
  A ribbon worm (D:2)
  85 orcs
  6 endoplasms
  A giant cockroach (D:3)
  4 goblins
  4 hobgoblins
  2 quokkas
  7 ball pythons
  6 bats
  3 frilled lizards
  10 kobolds
  8 rats
  2 spectral kobolds
650 creatures vanquished.

Table legend: (Time is in decaauts)
 A = Elapsed time spent in this place.
 B = Non-inter-level travel time spent in this place.
 C = Inter-level travel time spent in this place.
 D = Time resting spent in this place.
 E = Time spent auto-exploring this place.
 F = Levels seen in this place.
 G = Mean time per level.
                   A        B        C        D        E       F      G
               +--------+--------+--------+--------+--------+-----+--------+
         Total |  27182 |  25803 |   1379 |   4287 |  17060 |  21 | 1294.4 |
       Dungeon |  17287 |  16435 |    852 |   2170 |  11959 |  13 | 1329.8 |
        Temple |     22 |      1 |     21 |      0 |      0 |   1 |   22.0 |
          Lair |   7146 |   6726 |    420 |   1175 |   4025 |   5 | 1429.2 |
  Orcish Mines |   2725 |   2640 |     85 |    941 |   1076 |   2 | 1362.5 |
               +--------+--------+--------+--------+--------+-----+--------+

Top non-repeatable levels by time:
    D:11: 3358 daAuts
     D:4: 2366 daAuts
   Orc:2: 1904 daAuts
  Lair:5: 1667 daAuts
     D:8: 1593 daAuts
     D:6: 1549 daAuts
  Lair:1: 1528 daAuts
  Lair:4: 1447 daAuts
  Lair:3: 1321 daAuts
    D:12: 1320 daAuts
     D:5: 1305 daAuts
    D:10: 1221 daAuts
  Lair:2: 1182 daAuts
     D:3: 1123 daAuts
     D:9: 971 daAuts

Table legend:
 A = Non-vault XP
 B = Vault XP
 C = Vault XP percentage of total XP
 D = Non-vault monster count
 E = Vault monster count
 F = Vault count percentage of total count
                 A         B        C        D         E       F
            +---------+---------+-------+---------+---------+-------
      Total |   82581 |   40396 |  32.8 |     473 |     177 |  27.2
            +---------+---------+-------+---------+---------+-------
        D:1 |      11 |       0 |   0.0 |       5 |       0 |   0.0
        D:2 |      64 |       2 |   3.0 |      20 |       1 |   4.8
        D:3 |     121 |       4 |   3.2 |      13 |       2 |  13.3
        D:4 |     517 |     808 |  61.0 |      20 |       9 |  31.0
        D:5 |     876 |       4 |   0.5 |      29 |       2 |   6.5
        D:6 |     865 |     281 |  24.5 |      23 |       2 |   8.0
        D:7 |     444 |     433 |  49.4 |       9 |       7 |  43.8
        D:8 |    1207 |    2241 |  65.0 |      19 |      12 |  38.7
        D:9 |    1482 |     210 |  12.4 |      25 |       1 |   3.8
       D:10 |    3185 |     780 |  19.7 |      18 |       1 |   5.3
       D:11 |    9813 |     590 |   5.7 |      43 |      17 |  28.3
       D:12 |    4273 |       0 |   0.0 |      17 |       0 |   0.0
       D:13 |    6282 |       0 |   0.0 |       9 |       0 |   0.0
     Lair:1 |    8618 |    1402 |  14.0 |      34 |       5 |  12.8
     Lair:2 |    6188 |     658 |   9.6 |      22 |       4 |  15.4
     Lair:3 |    5843 |    3272 |  35.9 |      20 |       3 |  13.0
     Lair:4 |    6641 |    3143 |  32.1 |      22 |      11 |  33.3
     Lair:5 |   19361 |   12699 |  39.6 |      52 |      44 |  45.8
      Orc:1 |    4116 |       0 |   0.0 |      22 |       0 |   0.0
      Orc:2 |    2674 |   13869 |  83.8 |      51 |      56 |  52.3
            +---------+---------+-------+---------+---------+-------
